 Dungeon Crawl Stone Soup version 0.26.1-11-gd32895ea62 (webtiles) character file.

Game seed: 14700572720168011358

6955 Arcadio the Nimble (level 11, -1/70 HPs)
             Began as a Merfolk Transmuter on May 18, 2021.
             Was an Elder of Qazlal.
             Slain by an unseen horror (6 damage)
             ... on level 10 of the Dungeon on May 19, 2021.
             The game lasted 01:01:24 (13684 turns).

Arcadio the Nimble (Merfolk Transmuter)            Turns: 13684, Time: 01:01:24

Health: -1/70      AC:  7    Str: 12    XL:     11   Next: 7%
Magic:  14/14      EV: 18    Int: 14    God:    Qazlal [****..]
Gold:   163        SH:  5    Dex: 15    Spells: 1/14 levels left

rFire    + . .     SeeInvis .   e - +4 scythe (vorpal)
rCold    + . .     Faith    .   (shield currently unavailable)
rNeg     . . .     Spirit   .   u - +0 acid dragon scales
rPois    .         Reflect  .   (no helmet)
rElec    .         Harm     .   w - scarf {repulsion}
rCorr    +         Rampage  .   g - +0 pair of gloves
Will     .....                  (no boots)
Stlth    +.........             f - amulet of regeneration
HPRegen  0.61/turn              b - ring of protection from cold
MPRegen  0.14/turn              c - ring of protection from fire

@: hasted, repel missiles, very quick
A: change form in water, swift swim, stealthy swim
a: Renounce Religion, Upheaval, Elemental Force


You were on level 10 of the Dungeon.
You worshipped Qazlal.
Qazlal was greatly pleased with you.
You visited 2 branches of the dungeon, and saw 11 of its levels.
You also visited: Sewer.

You collected 481 gold pieces.
You spent 318 gold pieces at shops.

Inventory:

Hand Weapons
 e - a +4 vorpal scythe (weapon)
 i - a +2 dagger of draining
 v - a +1 short sword of venom
 x - a +0 dagger of speed
 C - a +2 short sword of speed
 F - a +2 spear of flaming
Missiles
 r - 12 boomerangs (quivered)
Armour
 g - a +0 pair of gloves (worn)
 q - the +0 robe of the Trees {rF+}
   (You found it on level 8 of the Dungeon)

   It protects you from fire.
 u - +0 acid dragon scales (worn)
 w - a scarf of repulsion (worn)
 E - a scarf of harm
 G - a +2 robe of fire resistance
Jewellery
 b - a ring of protection from cold (left hand)
 c - a ring of protection from fire (right hand)
 f - an amulet of regeneration (around neck)
 J - an uncursed amulet of reflection
Wands
 s - a wand of iceblast (12)
 y - a wand of disintegration (10)
 A - a wand of enslavement (12)
Scrolls
 a - a scroll of immolation {unknown}
 h - 3 scrolls of enchant armour
 m - a scroll of fear
 n - a scroll of magic mapping {unknown}
 o - 11 scrolls of teleportation
 t - 3 scrolls of fog {unknown}
 z - 2 scrolls of amnesia {unknown}
Potions
 d - a potion of flight
 j - 3 potions of curing
 l - 3 potions of haste
 p - a potion of berserk rage
 B - 3 potions of resistance
 I - 2 potions of lignification


   Skills:
 - Level 1.1 Fighting
 - Level 8.8 Short Blades
 + Level 7.5 Polearms
 + Level 11.1 Dodging
 - Level 3.4 Unarmed Combat
 - Level 2.0 Spellcasting
 + Level 11.0 Transmutations
 - Level 7.0 Ice Magic
 + Level 3.2 Poison Magic


You had one spell level left.
You knew the following spells:

 Your Spells              Type           Power        Failure   Level
a - Beastly Appendage     Tmut           64%          1%          1
b - Wereblood             Tmut           32%          1%          2
c - Spider Form           Tmut/Pois      10%          5%          3
d - Ice Form              Ice/Tmut       26%          9%          4
e - Sting                 Tmut/Pois      84%          1%          1
f - Poisonous Vapours     Pois/Air       12%          28%         2

Your spell library contained the following spells:

 Spells                   Type           Power        Failure   Level
 Corona                   Hex            1%           34%         1
 Blade Hands              Tmut           16%          11%         5
 Ensorcelled Hibernation  Hex/Ice        22%          13%         2
 Ignite Poison            Fire/Tmut/Pois 14%          16%         3
 Petrify                  Tmut/Erth      16%          36%         4
 Mephitic Cloud           Conj/Pois/Air  4%           56%         3
 Olgreb's Toxic Radiance  Pois           10%          67%         4
 Confusing Touch          Hex            1%           71%         3
 Dazzling Flash           Conj/Hex       2%           71%         3
 Gell's Gravitas          Tloc           0%           71%         3
 Tukima's Dance           Hex            1%           71%         3
 Yara's Violent Unravell  Hex/Tmut       8%           71%         5
 Metabolic Englaciation   Hex/Ice        5%           93%         5


Dungeon Overview and Level Annotations

Branches:
Dungeon (10/15)            Temple (1/1) D:6           Sewer (visited)
   Lair: D:8-11         Orc: D:9-12

Altars:
Ashenzari
Cheibriados
Dithmenos
Elyvilon
Fedhas
Gozag
Hepliaklqana
Kikubaaqudgha
Makhleb
Nemelex Xobeh
Okawaru
Qazlal
Ru
Sif Muna
Trog
Uskayaw
Vehumet
Wu Jian
Xom
Yredelemnul
Zin
The Shining One
Jiyva

Shops:
D:6 (

Annotations:
D:2 Sigmund
D:7 3 runed translucent doors, SamuraiZach's ghost, novice TrHu
D:9 4 runed translucent doors, ZZKoverts's ghost, journeyman DEEE


Message History

Something hits you. Something hits you!
* * * LOW HITPOINT WARNING * * *
Something closely misses you.
Okay, then.
You feel yourself speed up. Something hits you.
* * * LOW HITPOINT WARNING * * *
Something hits you.
* * * LOW HITPOINT WARNING * * *
Something barely misses you. Something hits you!
* * * LOW HITPOINT WARNING * * *
Something hits you.
* * * LOW HITPOINT WARNING * * *
There is a stone staircase leading up here.
Blink to where?
Press: ? - help, Dir - move target
As you read the scroll of blinking, it crumbles to dust.
Something hits you.
You die...

#.#..##.#.##......######........
#.##.#..#..#......'....'........
#.................######..(.....
#######.#.######### #........
#..........### ##'######
#..#.#..#....# #.†.####
#.#..#÷##.##.# ###....#
######...#....##.# #######'#
.....#####.#####@### #........
........'..#.§..○..######).......
....)...#..#...○...##...'........
........##.#.°.§...#..###........
........##.#.........## #..(.....
........##.#○..°...### ####'####
##########.........# #(#
###.......# #.## ##### ##.######
#..#


There were no monsters in sight!

Vanquished Creatures
  Pikel (D:6)
  A hornet (D:10)
  Duvessa (D:5)
  A water moccasin (D:10)
  3 orc warriors
  A hornet zombie (D:7)
  2 phantoms
  2 black bears
  6 ice beasts
  2 ogres
  A sky beast (D:9)
  9 centaurs
  2 lemures (D:5)
  9 big kobolds
  5 bullfrogs
  A wyvern zombie (D:6)
  2 water moccasin zombies
  Dowan (D:5)
  A scorpion (D:6)
  5 killer bees
  5 wights (D:9)
  4 howler monkeys
  A bullfrog zombie (D:7)
  6 hounds
  A quasit (D:8)
  3 jellies
  5 orc priests
  8 orc wizards
  4 bullfrog skeletons
  6 iguanas
  8 worker ants
  A killer bee zombie (D:8)
  2 hound skeletons
  15 adders
  4 river rats
  A shadow imp (D:7)
  4 white imps
  2 ufetubi (D:9)
  9 oozes
  An adder skeleton (D:4)
  5 worms
  4 dart slugs
  5 leopard geckos
  35 orcs
  2 giant cockroaches (D:2)
  9 goblins
  10 hobgoblins
  3 jackals (D:8)
  4 quokkas
  7 ball pythons
  6 bats
  4 frilled lizards
  34 kobolds
  A quokka skeleton (D:4)
  7 rats
282 creatures vanquished.

Vanquished Creatures (collateral kills)
  A two-headed ogre (D:7)
1 creature vanquished.

Vanquished Creatures (others)
  4 fungi
  27 plants
31 creatures vanquished.

Grand Total: 314 creatures vanquished

Notes
Turn   | Place    | Note
-------+----------+-------------------------------------------
     0 | D:1      | Arcadio the Merfolk Transmuter began the quest for the Orb.
     0 | D:1      | Reached XP level 1. HP: 15/15 MP: 3/3
   512 | D:1      | Reached XP level 2. HP: 21/21 MP: 5/5
   562 | D:1      | Reached skill level 1 in Short Blades
   955 | D:1      | Learned a level 2 spell: Wereblood
   992 | D:1      | Reached XP level 3. HP: 26/26 MP: 6/6
  1561 | D:2      | Found a broken altar of Ashenzari.
  1595 | D:2      | Noticed Sigmund
  2294 | D:2      | Found a faded altar of an unknown god.
  2539 | D:3      | Found a stormy altar of Qazlal.
  2543 | D:3      | Reached XP level 4. HP: 20/32 MP: 7/7
  2543 | D:3      | Found a blossoming altar of Fedhas.
  2576 | D:3      | Became a worshipper of Qazlal Stormbringer
  2619 | D:3      | Found a glowing drain.
  2660 | Sewer    | Entered a sewer
  2916 | Sewer    | Noticed a big kobold
  2937 | Sewer    | Killed a big kobold
  2938 | Sewer    | Reached XP level 5. HP: 34/37 MP: 8/8
  2980 | Sewer    | Noticed a big kobold
  3007 | Sewer    | Killed a big kobold
  3008 | Sewer    | Reached XP level 6. HP: 36/43 MP: 9/9
  3015 | Sewer    | Learned a level 3 spell: Spider Form
  3400 | Sewer    | Reached skill level 5 in Short Blades
  3400 | Sewer    | Reached skill level 5 in Dodging
  3400 | Sewer    | Reached skill level 5 in Transmutations
  3728 | Sewer    | Reached XP level 7. HP: 22/48 MP: 7/10
  4051 | Sewer    | Reached * piety under Qazlal
  4486 | D:3      | Learned a level 4 spell: Ice Form
  4904 | D:3      | Found a burning altar of Makhleb.
  4909 | D:3      | Noticed a balrug
  4910 | D:3      | Found a glowing silver altar of Zin.
  4911 | D:3      | Noticed an angel
  5215 | D:4      | Reached skill level 1 in Ice Magic
  5284 | D:4      | Found a sacrificial altar of Ru.
  5367 | D:4      | Reached XP level 8. HP: 37/54 MP: 7/11
  5608 | D:4      | Found a hazy altar of Hepliaklqana.
  5609 | D:4      | Found a white marble altar of Elyvilon.
  5610 | D:4      | Found an iron altar of Okawaru.
  6038 | D:4      | Found a bloodstained altar of Trog.
  6225 | D:5      | Entered Level 5 of the Dungeon
  6550 | D:5      | Reached ** piety under Qazlal
  7307 | D:6      | Noticed Duvessa
  7310 | D:6      | Noticed Dowan
  7405 | D:5      | Killed Duvessa
  7414 | D:5      | Killed Dowan
  7599 | D:6      | Noticed Pikel
  8131 | D:6      | Found an opulent altar of Gozag.
  8150 | D:5      | Reached XP level 9. HP: 25/59 MP: 12/12
  8761 | D:6      | Found a staircase to the Ecumenical Temple.
  8770 | Temple   | Entered the Ecumenical Temple
  8966 | D:6      | Killed Pikel
  9069 | D:6      | Reached skill level 5 in Ice Magic
  9280 | D:6      | Learned a level 1 spell: Sting
  9369 | D:6      | Found Amou's Weapon Shoppe.
  9503 | D:7      | Found a runed translucent gate.
  9503 | D:7      | Found a runed translucent gate.
  9503 | D:7      | Found a runed translucent gate.
  9504 | D:7      | Noticed SamuraiZach's ghost (novice TrHu)
  9579 | D:7      | Reached skill level 1 in Polearms
 10168 | D:7      | Reached XP level 10. HP: 48/65 MP: 13/13
 10645 | D:7      | Found an ancient bone altar of Kikubaaqudgha.
 10882 | D:6      | Bought a +4 vorpal scythe for 318 gold pieces
 11036 | D:8      | Reached *** piety under Qazlal
 11047 | D:8      | Noticed a two-headed ogre
 11100 | D:7      | Killed a two-headed ogre
 11205 | D:8      | Reached skill level 10 in Dodging
 11441 | D:8      | Reached skill level 5 in Polearms
 11444 | D:8      | Reached skill level 10 in Transmutations
 11934 | D:8      | Got a dull robe
 11945 | D:8      | Identified the cursed +0 robe of the Trees {rF+} (You found
                  | it on level 8 of the Dungeon)
 12466 | D:9      | Learned a level 2 spell: Poisonous Vapours
 12603 | D:9      | Reached skill level 1 in Poison Magic
 12683 | D:9      | Found a blossoming altar of Fedhas.
 12708 | D:9      | Found a runed translucent gate.
 12708 | D:9      | Found a runed translucent gate.
 12710 | D:9      | Found a runed translucent gate.
 12713 | D:9      | Found a viscous altar of Jiyva.
 12713 | D:9      | Noticed ZZKoverts's ghost (journeyman DEEE)
 12808 | D:9      | Noticed a glowing orange brain
 12808 | D:9      | Noticed a wolf spider
 12809 | D:9      | Found a runed translucent door.
 12811 | D:9      | Noticed a frost giant
 12811 | D:9      | Noticed a wolf spider
 12811 | D:9      | Noticed an ogre mage
 12811 | D:9      | Noticed a wolf spider
 12811 | D:9      | Noticed an ettin
 12879 | D:9      | Found a hide-covered altar of Uskayaw.
 12880 | D:9      | Found a basalt altar of Yredelemnul.
 13105 | D:10     | Entered Level 10 of the Dungeon
 13299 | D:10     | Reached **** piety under Qazlal
 13399 | D:10     | Reached XP level 11. HP: 70/70 MP: 14/14
 13684 | D:10     | Slain by an unseen horror

Illustrated notes

Levels and vault maps discovered:
D:1:      scummos_arrival_star, layout_loops_cross
D:2:      layout_basic, ashenzari_conservatory_becter,
          chequers_ecumenical_altar_simple, uniq_sigmund
D:3:      minmay_inner_zag, layout_loops_ring,
          grunt_temple_overflow_order_and_chaos_2,
          grunt_temple_overflow_forces_of_nature, cheibrodos_sewer_entry_sluice
D:4:      layout_loops_ring, grunt_temple_overflow_open, lemuel_crystal_altar,
          trog_hazing_becter
D:5:      layout_basic
D:6:      layout_rooms, grunt_gozag_breadcrumbs, minmay_temple_entry_poolview,
          serial_shops, shop, grunt_potential, uniq_duvessa, uniq_pikel
D:7:      layout_basic, kennysheep_little_box, serial_bayou,
          serial_bayou_pond_c, serial_bayou_crossing, serial_bayou_pond_c,
          serial_bayou_pond_d, serial_bayou_shore_a, gammafunk_ghost_split,
          minivault_5
D:8:      layout_gridville
D:9:      minmay_gate_of_8, layout_rooms, gammafunk_temple_overflow_statue,
          gammafunk_ghost_ooze, small_statue_intersection, fedhas_altar_3
D:10:     layout_roguey, hangedman_abyss_or_decor_passed
Temple:   jpeg_temple_island

Skill      XL: |  1  2  3  4  5  6  7  8  9 10 11 |
---------------+----------------------------------+-----
Transmutations | 3 4 5 6 7 9 10 11 | 11.0
Dodging        | 3 4 5 6 7 9 10 11 | 11.1
Short Blades   | 1 2 3 4 5 6 8 |  8.8
Ice Magic      | 1 4 5 7 |  7.0
Polearms       | 3 7 |  7.5
Poison Magic   | 2 3 |  3.2
Fighting       | |  1.1
Unarmed Combat | |  3.4
Spellcasting   | |  2.0

Action                   |  1- 3 |  4- 6 |  7- 9 | 10-12 || total
-------------------------+-------+-------+-------+-------++-------
Melee: Short sword       |    65 |       |       |       ||    65
       Unarmed           |     4 |       |       |       ||     4
       Headbutt          |     4 |    10 |    60 |    25 ||    99
       Dagger            |    29 |   130 |   416 |       ||   575
       Tailslap          |       |     9 |     7 |       ||    16
       Punch             |       |     3 |     6 |     1 ||    10
       Spear             |       |       |   108 |    20 ||   128
       Scythe            |       |       |       |   283 ||   283
Throw: Boomerang         |       |       |     2 |       ||     2
 Cast: Beastly Appendage |     4 |     9 |    36 |    13 ||    62
       Wereblood         |     1 |       |    15 |     7 ||    23
       Spider Form       |       |     1 |       |       ||     1
Invok: Upheaval          |       |       |     3 |     1 ||     4
       Elemental Force   |       |       |       |     1 ||     1
Evoke: Wand              |       |       |     1 |       ||     1
  Use: Scroll            |     3 |       |     9 |     6 ||    18
       Potion            |       |       |     1 |     3 ||     4
 Stab: Sleeping          |     2 |       |       |       ||     2
Armor: Robe              |     9 |    10 |    20 |       ||    39
       Acid dragon scale |       |       |    22 |    94 ||   116
Dodge: Dodged            |    46 |    79 |   309 |   443 ||   877
       Repelled          |       |       |       |     4 ||     4
Block: Other             |       |       |    27 |   110 ||   137
